 Dungeon Crawl Stone Soup version 0.25-a0-583-g696c2ac (webtiles) character file.

Game seed: 15406311834278019124, levelgen mode: deterministic

20874 BlueFish the Carver (level 12, -10/111 HPs)
             Began as a Minotaur Fighter on Mar 9, 2020.
             Was an Elder of Yredelemnul.
             Mangled by a spriggan rider
             ... wielding the cursed +1 spear "Ozuiror" {elec, rPois rC+ Str+5}
              (20 damage)
             ... on level 2 of the Lair of Beasts.
             The game lasted 00:28:05 (13544 turns).

BlueFish the Carver (Minotaur Fighter)             Turns: 13544, Time: 00:28:06

Health: -10/111    AC: 21    Str: 22    XL:     12   Next: 49%
Magic:  10/16      EV:  8    Int:  5    God:    Yredelemnul [****..]
Gold:   802        SH:  0    Dex: 14    Spells: 11/11 levels left

rFire    . . .     SeeInvis .   E - +3 scimitar (flame)
rCold    . . .     Gourm    .   (no shield)
rNeg     . . .     Faith    .   r - +1 plate armour (curse)
rPois    +         Spirit   .   (helmet restricted)
rElec    .         Reflect  .   d - +1 cloak
rCorr    +         Harm     .   (no gloves)
MR       .....                  s - +0 pair of boots
Stlth    ..........             j - amulet of magic regeneration
HPRegen  0.28/turn              e - ring of resist corrosion
MPRegen  0.40/turn              o - ring of poison resistance

@: hasted (expiring), very quick
A: retaliatory headbutt, horns 2
a: Recall Undead Slaves, Injury Mirror, Animate Dead, Drain Life, Renounce
Religion


You were on level 2 of the Lair of Beasts.
You worshipped Yredelemnul.
Yredelemnul was greatly pleased with you.
You were very hungry.

You visited 3 branches of the dungeon, and saw 14 of its levels.

You collected 846 gold pieces.
You spent 44 gold pieces at shops.

Inventory:

Hand Weapons
 a - a +0 long sword
 h - a +2 dagger of flaming
 z - a +0 long sword of holy wrath
 E - a +3 scimitar of flaming (weapon)
 J - the +6 hunting sling of Uskayaw's Regard {vorpal, rC+ Dex+4 Stlth+}
   (You took it off a spriggan on level 2 of the Lair of Beasts)

   Any stone fired from it inflicts extra damage.
   It affects your dexterity (+4).
   It protects you from cold.
   It makes you more stealthy.
Armour
 b - a +1 robe of the Archmagi
 c - a +0 kite shield
 d - a +1 cloak (worn)
 r - a cursed +1 plate armour (worn)
 s - a +0 pair of boots (worn)
Jewellery
 e - a ring of resist corrosion (left hand)
 j - an amulet of magic regeneration (around neck)
 o - a ring of poison resistance (right hand)
 D - the ring of Vapezone {+Fly rF+ Int+3 Slay+2}
   (You took it off a kobold demonologist on level 10 of the Dungeon)

   [ring of flight]

   It affects your intelligence (+3).
   It affects your accuracy and damage with ranged weapons and melee attacks
   (+2).
   It protects you from fire.
   It lets you fly.
 M - an uncursed ring of protection from magic
Wands
 l - a wand of paralysis (37)
 t - a wand of polymorph (8)
 u - a wand of iceblast (20)
 v - a wand of disintegration (23)
 y - a wand of digging (6)
 C - a wand of flame (18)
 K - a wand of random effects (29)
 L - a wand of enslavement (6)
Scrolls
 g - 12 scrolls of identify
 i - 7 scrolls of remove curse
 n - 7 scrolls of teleportation
 q - a scroll of magic mapping
 B - 3 scrolls of blinking
 F - a scroll of vulnerability {unknown}
 I - a scroll of enchant armour
Potions
 k - 3 potions of curing
 m - 3 potions of cancellation
 p - a potion of resistance
 w - 3 potions of brilliance
 x - a potion of haste
 A - 2 potions of flight
 H - a potion of mutation
Comestibles
 f - 16 rations


   Skills:
 * Level 11.7 Fighting
 + Level 1.5(9.2) Short Blades
 * Level 14.6(14.7) Long Blades
 * Level 13.8 Armour
 + Level 1.6 Dodging
 + Level 3.8 Shields
 * Level 6.8 Invocations


You had 11 spell levels left.
You didn't know any spells.
Your spell library contained the following spells:

 Spells                   Type           Power        Failure   Level  Hunger
 Magic Dart               Conj           #...         99%         1    ##.....
 Blink                    Tloc           N/A          100%        2    ###....
 Call Imp                 Summ           #.......     100%        2    ###....
 Searing Ray              Conj           #.....       100%        2    ###....
 Slow                     Hex            #.......     100%        2    ###....
 Confusing Touch          Hex            #.......     100%        3    ####...
 Conjure Flame            Conj/Fire      #.......     100%        3    ####...
 Dazzling Flash           Conj/Hex       #.....       100%        3    ####...
 Gell's Gravitas          Tloc           #.........   100%        3    ####...
 Mephitic Cloud           Conj/Pois/Air  #.......     100%        3    ####...
 Fulminant Prism          Conj/Hex       #.........   100%        4    #####..
 Iskenderun's Mystic Bla  Conj/Tloc      #.......     100%        4    #####..
 Petrify                  Tmut/Erth      #.......     100%        4    #####..
 Metabolic Englaciation   Hex/Ice        #.........   100%        5    ######.
 Yara's Violent Unravell  Hex/Tmut       #.........   100%        5    ######.


Dungeon Overview and Level Annotations

Branches:
Dungeon (11/15)            Temple (1/1) D:7            Lair (2/6) D:10
    Orc (0/2) D:10
  Swamp: Lair:2-4    Shoals: Lair:2-4     Snake: Lair:2-4    Spider: Lair:2-4

Altars:
Ashenzari
Cheibriados
Dithmenos
Elyvilon
Fedhas
Gozag
Hepliaklqana
Kikubaaqudgha
Makhleb
Nemelex Xobeh
Okawaru
Qazlal
Ru
Sif Muna
Trog
Uskayaw
Vehumet
Wu Jian
Xom
Yredelemnul
Zin
The Shining One

Shops:
D:4 !}

Annotations:
Lair:2 1 transporter


Innate Abilities, Weirdness & Mutations

You reflexively headbutt those who attack you in melee.
You have a pair of horns on your head.


Message History

You hear a shout!
Your extra speed is starting to run out.
You hear a shout!
Okay, then.
The spriggan rider hits you with the +7 spear "Pururos" {vorpal, *Contam MP+9 Str+2 Int+6}!
* * * LOW HITPOINT WARNING * * *
x2 You draw life from your surroundings.
The spriggan riders are drained of life.
The spriggan rider is moderately wounded.
The spriggan rider is lightly wounded.
You feel life flooding into your body.
You feel somewhat more hungry.
The spriggan rider hits you but does no damage.
The spriggan rider hits you with the cursed +1 spear "Ozuiror" {elec, rPois rC+ Str+5}!
* * * LOW HITPOINT WARNING * * *
You fail to use your ability.
The spriggan rider hits you with the +7 spear "Pururos" {vorpal, *Contam MP+9 Str+2 Int+6}!
* * * LOW HITPOINT WARNING * * *
x2 The spriggan rider hits you with the cursed +1 spear "Ozuiror" {elec, rPois rC+ Str+5}!!
You die...
Your body rises from the dead as a mindless zombie.

#.##...©.......#
##...#####.Z...#
##..###...###..## # #..##
#.....##.## ##
##..#####....##.Z# ####.
#..##.#≈#.###.##.# #.... #
##.#..##:..§#..#.## ##...
#.###.#©...._.##..#..# ##...
#.....#...#..@....#.### ##....
#.....##i##≈#ii..##.#P###.#...
#......#..##.....#............
#.....Z###i.....##............
#.......###)©)###.............
#.........#####...............
#...........©.................
#.............................
#.............................


You could see 2 spriggan riders.

Vanquished Creatures
  A hydra (D:10)
  Erica (D:10)
  2 two-headed ogres
  2 unseen horrors
  An orc knight (D:10)
  A deep elf mage (D:10)
  2 orc sorcerers (D:10)
  A cyclops (D:10)
  2 moths of wrath (Lair:2)
  Joseph (D:10)
  2 black mambas
  3 spiny frogs (Lair:1)
  A komodo dragon (Lair:2)
  3 centaur skeletons
  A kobold demonologist (D:10)
  5 hippogriffs
  5 spriggans (Lair:2)
  A shadow (D:10)
  4 yaks
  A basilisk (D:8)
  A wyvern (D:8)
  A hungry ghost (D:9)
  A warg (D:10)
  A soldier ant (D:10)
  A water moccasin (Lair:2)
  A porcupine (Lair:1)
  4 orc warriors
  A sky beast (D:11)
  2 phantoms
  A black bear (D:8)
  An eye of draining (D:10)
  3 ice beasts
  2 necrophages
  4 ogres
  8 wolves
  5 centaurs
  4 crocodiles
  A big kobold (D:8)
  9 bullfrogs
  3 scorpions
  12 killer bees
  5 howler monkeys (D:8)
  A bullfrog zombie (D:10)
  2 quasits
  7 crimson imps
  A hound (D:5)
  3 jellies
  A bullfrog skeleton (D:10)
  3 iguanas
  12 orc wizards
  Ijyb (D:5)
  Natasha (twice) (D:3)
  9 worker ants
  2 hound skeletons
  A howler monkey zombie (D:11)
  15 adders
  4 shadow imps
  2 oozes (D:3)
  An adder zombie (D:10)
  An adder skeleton (D:10)
  2 worms (D:2)
  3 dart slugs
  9 leopard geckos
  29 orcs
  2 giant cockroaches
  12 goblins
  12 hobgoblins
  10 jackals
  17 kobolds
  4 quokkas
  2 ball pythons (D:1)
  7 bats
  4 frilled lizards
  2 jackal skeletons (D:4)
  2 quokka skeletons
  8 rats
304 creatures vanquished.

Vanquished Creatures (collateral kills)
  The ghost of Dinwy the Fencer, a journeyman MiFi of Okawaru (Lair:2)
  A hydra (Lair:2)
  A gargoyle (D:11)
  2 spiny frogs (Lair:2)
  2 water moccasins
  A porcupine (Lair:2)
  5 wolves
  2 crocodiles (Lair:2)
  2 bullfrogs (Lair:2)
  4 fungi
  6 plants
27 creatures vanquished.

Vanquished Creatures (others)
  A black mamba zombie (Lair:2)
  2 flying skulls (Lair:2)
  A spiny frog zombie (Lair:2)
  A water moccasin zombie (Lair:2)
  2 wolf zombies (Lair:2)
  A bullfrog zombie (Lair:2)
  2 bullfrog skeletons (Lair:2)
  A mummy (Lair:2)
11 creatures vanquished.

Grand Total: 342 creatures vanquished

Notes
Turn   | Place    | Note
-------+----------+-------------------------------------------
     0 | D:1      | BlueFish the Minotaur Fighter began the quest for the Orb.
     0 | D:1      | Reached XP level 1. HP: 19/19 MP: 0/0
    62 | D:1      | Reached XP level 2. HP: 27/27 MP: 1/1
   470 | D:1      | Reached XP level 3. HP: 30/33 MP: 2/2
   843 | D:2      | Reached skill level 3 in Long Blades
  1056 | D:2      | Reached XP level 4. HP: 36/41 MP: 3/3
  1306 | D:2      | Found a burning altar of Makhleb.
  1307 | D:2      | Found a radiant altar of Vehumet.
  1681 | D:3      | Noticed a bullfrog
  1685 | D:3      | Killed a bullfrog
  1685 | D:3      | Reached skill level 4 in Long Blades
  1685 | D:3      | Reached XP level 5. HP: 28/47 MP: 4/4
  2024 | D:3      | Found a shimmering blue altar of Sif Muna.
  2289 | D:3      | Reached skill level 5 in Long Blades
  2412 | D:3      | Reached skill level 5 in Armour
  2420 | D:3      | Reached skill level 5 in Fighting
  2420 | D:3      | Reached XP level 6. HP: 43/56 MP: 5/5
  2496 | D:3      | Noticed Natasha
  2501 | D:3      | Killed Natasha
  2674 | D:3      | Noticed Natasha
  2688 | D:3      | Killed Natasha
  2874 | D:4      | Found Edwelyts's Gadget Emporium.
  2986 | D:4      | Found Zyoj's Distillery.
  3003 | D:4      | Bought a potion of degeneration for 11 gold pieces
  3003 | D:4      | Bought a potion of curing for 33 gold pieces
  3011 | D:4      | Reached skill level 6 in Long Blades
  3409 | D:4      | Found a basalt altar of Yredelemnul.
  3439 | D:4      | Became a worshipper of Yredelemnul the Dark
  3641 | D:5      | Entered Level 5 of the Dungeon
  3691 | D:5      | Reached XP level 7. HP: 61/61 MP: 6/6
  3706 | D:5      | Reached skill level 7 in Long Blades
  4103 | D:5      | Noticed Ijyb
  4111 | D:5      | Killed Ijyb
  4478 | D:6      | Reached * piety under Yredelemnul
  4575 | D:6      | Found a stormy altar of Qazlal.
  4596 | D:6      | Reached skill level 1 in Invocations
  4710 | D:6      | Reached XP level 8. HP: 70/71 MP: 7/7
  4717 | D:6      | Reached skill level 8 in Long Blades
  5424 | D:7      | Found a staircase to the Ecumenical Temple.
  5443 | D:7      | Reached skill level 9 in Long Blades
  5463 | Temple   | Entered the Ecumenical Temple
  5585 | D:7      | Reached skill level 1 in Dodging
  5663 | D:7      | You fall into a shaft and drop 3 floors!
  5663 | D:10     | Entered Level 10 of the Dungeon
  5722 | D:10     | Found a staircase to the Orcish Mines.
  5785 | D:10     | Found a staircase to the Lair.
  5850 | D:8      | Reached XP level 9. HP: 75/79 MP: 9/9
  5860 | D:8      | Reached ** piety under Yredelemnul
  5892 | D:8      | Reached skill level 10 in Long Blades
  6271 | D:8      | Reached skill level 11 in Long Blades
  6911 | D:8      | Noticed a two-headed ogre
  6944 | D:7      | You fall into a shaft and drop 1 floor!
  7065 | D:7      | Reached *** piety under Yredelemnul
  7082 | D:7      | HP: 4/82 [poisoned by a killer bee]
  7103 | D:7      | HP: 6/123 [poisoned by a killer bee]
  7108 | D:7      | HP: 4/123 [poisoned by a killer bee]
  7113 | D:7      | HP: 2/123 [poisoned by a killer bee]
  7118 | D:7      | HP: 2/123 [poisoned by a killer bee]
  7125 | D:7      | HP: 2/123 [poisoned by a killer bee]
  7133 | D:7      | HP: 2/123 [poisoned by a killer bee]
  7450 | D:7      | Found an opulent altar of Gozag.
  7450 | D:7      | Found a white marble altar of Elyvilon.
  7720 | D:7      | Found a shadowy altar of Dithmenos.
  8004 | D:8      | Killed a two-headed ogre
  8004 | D:8      | Reached skill level 12 in Long Blades
  8004 | D:8      | Reached XP level 10. HP: 50/90 MP: 11/11
  8333 | D:9      | Found a shattered altar of Ashenzari.
  8464 | D:9      | Got a jewelled hand axe
  8635 | D:9      | Found a snail-covered altar of Cheibriados.
  8908 | D:9      | Found a shimmering altar of Xom.
  8908 | D:9      | Found a sparkling altar of Nemelex Xobeh.
  9004 | D:10     | Noticed Joseph
  9028 | D:10     | Killed Joseph
  9028 | D:10     | Reached skill level 10 in Armour
  9421 | D:10     | Killed an unseen horror
  9528 | D:10     | Noticed a six-headed hydra
 10005 | D:10     | Killed a nine-headed hydra
 10291 | D:10     | Noticed an orc knight
 10327 | D:10     | Killed an orc knight
 10327 | D:10     | Reached skill level 1 in Short Blades
 10559 | D:10     | Noticed an orc sorcerer
 10559 | D:10     | Noticed an orc sorcerer
 10574 | D:10     | Killed an orc sorcerer
 10574 | D:10     | Reached XP level 11. HP: 71/99 MP: 13/13
 10580 | D:10     | Killed an orc sorcerer
 10582 | D:10     | Identified the ring of Vapezone {+Fly rF+ Int+3 Slay+2}
 10595 | D:10     | Reached skill level 13 in Long Blades
 10651 | D:10     | Noticed Erica
 10695 | D:10     | Killed Erica
 10695 | D:10     | Reached skill level 10 in Fighting
 10873 | D:10     | Noticed a deep elf mage
 10873 | D:10     | Noticed a two-headed ogre
 11011 | D:10     | Killed a deep elf mage
 11080 | D:10     | Reached **** piety under Yredelemnul
 11128 | D:10     | Killed a two-headed ogre
 11128 | D:10     | Reached skill level 5 in Invocations
 11310 | D:10     | Received a gift from Yredelemnul (a mummy)
 11527 | D:11     | Killed an unseen horror
 11874 | D:11     | Reached skill level 14 in Long Blades
 12068 | Lair:1   | Entered Level 1 of the Lair of Beasts
 12202 | Lair:1   | Received a gift from Yredelemnul (2 flying skulls)
 12220 | Lair:1   | Reached XP level 12. HP: 69/110 MP: 15/15
 13320 | Lair:2   | Noticed a four-headed hydra
 13324 | Lair:2   | Killed a two-headed hydra
 13428 | Lair:2   | Found a transporter.
 13428 | Lair:2   | Noticed Dinwy's ghost (journeyman MiFi)
 13438 | Lair:2   | Identified the +7 spear "Pururos" {vorpal, *Contam MP+9
                  | Str+2 Int+6}
 13438 | Lair:2   | Identified the cursed +1 spear "Ozuiror" {elec, rPois rC+
                  | Str+5}
 13439 | Lair:2   | Identified the +6 hunting sling of Uskayaw's Regard
                  | {vorpal, rC+ Dex+4 Stlth+}
 13441 | Lair:2   | Found a bloodstained altar of Trog.
 13449 | Lair:2   | Found a transporter.
 13497 | Lair:2   | Killed Dinwy's ghost
 13544 | Lair:2   | Mangled by a spriggan rider

Levels and vault maps discovered:
D:1:      minmay_arrival_shattered_statue, layout_basic
D:2:      layout_basic, grunt_temple_overflow_open, first_ration,
          minmay_misc_feat_nine_boxes
D:3:      layout_loops_corners, nicolae_overflow_crystal_walls,
          minmay_quadrilaterals, uniq_natasha
D:4:      layout_loops_ring, kennysheep_mini_moat, serial_shops, shop,
          nicolae_shop_trees
D:5:      layout_gridville, uniq_ijyb
D:6:      layout_basic, lemuel_round_altar
D:7:      layout_layer_cave, grunt_dithmenos_smoke_and_mirrors,
          chequers_temple_overflow_statue_of_worship,
          minmay_temple_entry_statues
D:8:      minmay_chambers_of_sixes, layout_basic
D:9:      layout_loops_ring, gammafunk_temple_overflow_elements,
          lemuel_coloured_pillars_altar, nicolae_ashenzari_panopticon
D:10:     minmay_the_grid_3x2 [minmay_the_grid_tri_star,
          minmay_the_grid_armoury, minmay_the_grid_x,
          minmay_the_grid_minigrid_small_alt, minmay_the_grid_large_cup,
          minmay_the_grid_prize_big_room], layout_rooms, lair_entry_dummy,
          orc_0_dummy, small_statue_intersection, uniq_joseph, uniq_erica
D:11:     layout_roguey
Temple:   zaba_magenta_temple
Lair:1:   layout_cave_pods
Lair:2:   layout_hall_layers, gammafunk_ghost_wrathful_warriors,
          grunt_megastairs_1

Skill      XL: |  1  2  3  4  5  6  7  8  9 10 11 12 |
---------------+-------------------------------------+-----
Armour         | 4 5 6 8 9 11 12 13 | 13.8
Fighting       | 4 5 6 7 8 9 11 | 11.7
Long Blades    | 3 4 5 6 7 9 12 14 | 14.6
Invocations    | 1 2 3 4 5 6 |  6.8
Dodging        | 1 |  1.6
Short Blades   | 1 |  1.5
Shields        | |  3.8

Action                   |  1- 3 |  4- 6 |  7- 9 | 10-12 || total
-------------------------+-------+-------+-------+-------++-------
Melee: Long sword        |    81 |   163 |   382 |   213 ||   839
       Headbutt          |     9 |    25 |    77 |   107 ||   218
       Dagger            |       |       |       |    15 ||    15
       Scimitar          |       |       |       |   239 ||   239
Invok: Animate Dead      |       |       |       |    21 ||    21
       Recall Undead Sla |       |       |       |     3 ||     3
       Drain Life        |       |       |       |     1 ||     1
  Use: Scroll            |     5 |     6 |     4 |     5 ||    20
       Potion            |       |       |     8 |     4 ||    12
 Stab: Invisible         |       |       |       |     3 ||     3
  Eat: Chunk             |     1 |     8 |     9 |    20 ||    38
       Ration            |       |       |     1 |     3 ||     4
Armor: Scale mail        |    38 |    41 |       |       ||    79
       Plate armour      |       |    58 |   300 |   301 ||   659
Dodge: Dodged            |    51 |    72 |   152 |   114 ||   389
       Rpst.: Long sword |    13 |    21 |    33 |    13 ||    80
       Scimitar          |       |       |       |    17 ||    17

Table legend:
 A = Non-vault XP
 B = Vault XP
 C = Vault XP percentage of total XP
 D = Non-vault monster count
 E = Vault monster count
 F = Vault count percentage of total count
                 A         B        C        D         E       F
            +---------+---------+-------+---------+---------+-------
      Total |   18344 |   11476 |  38.5 |     274 |      47 |  14.6
            +---------+---------+-------+---------+---------+-------
        D:1 |      49 |       0 |   0.0 |      27 |       0 |   0.0
        D:2 |      65 |       0 |   0.0 |      16 |       0 |   0.0
        D:3 |     298 |      52 |  14.9 |      34 |       7 |  17.1
        D:4 |     249 |       0 |   0.0 |      16 |       0 |   0.0
        D:5 |     446 |      36 |   7.5 |      15 |       1 |   6.2
        D:6 |     718 |       0 |   0.0 |      19 |       0 |   0.0
        D:7 |    1066 |       0 |   0.0 |      24 |       0 |   0.0
        D:8 |    1996 |    1173 |  37.0 |      38 |       5 |  11.6
        D:9 |     581 |       0 |   0.0 |       9 |       0 |   0.0
       D:10 |    2473 |    7226 |  74.5 |      18 |      25 |  58.1
       D:11 |    2919 |       0 |   0.0 |      17 |       0 |   0.0
     Lair:1 |    3678 |       0 |   0.0 |      21 |       0 |   0.0
     Lair:2 |    3806 |    2989 |  44.0 |      20 |       9 |  31.0
            +---------+---------+-------+---------+---------+-------
